 Dungeon Crawl Stone Soup version 0.29.1-12-g30fa7ad0bf (webtiles) character file.

Game seed: 4863482420903402728

13 hawla the Chiller (level 2, -3/20 HPs)
             Began as a Meteoran Ice Elementalist on Dec 12, 2022.
             Slain by Grinder (4 damage)
             ... while paralysed by Grinder
             ... on level 3 of the Dungeon.
             The game lasted 00:01:35 (355 turns).

hawla the Chiller (Meteoran Ice Elementalist)        Turns: 355, Time: 00:01:36

Health: -3/20      AC:  2    Str:  9    XL:     2   Next: 70%
Magic:  7/7        EV:  2    Int: 16    God:
Gold:   25         SH:  0    Dex: 14    Spells: 6/7 levels left

rFire   . . .      SeeInvis .   (no weapon)
rCold   . . .      Faith    .   (no shield)
rNeg    . . .      Spirit   .   a - +0 robe
rPois   .          Reflect  .   (no helmet)
rElec   .          Harm     .   (no cloak)
rCorr   .          Rampage  .   (no gloves)
Will    .....                   (no boots)
Stlth   +.........              (no amulet)
HPRegen 0.06/turn               (no ring)
MPRegen 0.10/turn               (no ring)

@: paralysed, glowing
A: sense surroundings 1, otherworldly, glowing, explore regen
a: no special abilities


You were on level 3 of the Dungeon.
You visited 1 branch of the dungeon, and saw 3 of its levels.

You collected 25 gold pieces.

Inventory:

Armour
 a - a +0 robe (worn)
Scrolls
 e - a scroll of enchant armour {unknown}
 g - a scroll of teleportation {unknown}
Potions
 b - a potion of magic
 c - a potion of lignification {unknown}
 d - a potion of curing {unknown}
 f - a potion of degeneration {unknown}


   Skills:
 + Level 2.4 Dodging
 + Level 1.4 Stealth
 + Level 3.0 Spellcasting
 + Level 4.8 Ice Magic


You had 6 spell levels left.
You knew the following spells:

 Your Spells              Type           Power      Damage    Failure   Level
a - Freeze                Ice            68%        1d8       2%          1

Your spell library contained the following spells:

 Spells                   Type           Power      Damage    Failure   Level
 Frozen Ramparts          Ice            34%        1d6       8%          3
 Ozocubu's Armour         Ice            17%        N/A       8%          3
 Hailstorm                Conj/Ice       10%        3d5       56%         4


Dungeon Overview and Level Annotations

Branches:
Dungeon (3/15) Zot: 1444

Altars:
Dithmenos

Annotations:
D:3 Grinder


Innate Abilities, Weirdness & Mutations

You passively map a small area around you.
You are easily found by Zot.
You glow in the dark.
You regain HP and MP as you explore.


Message History

You freeze the endoplasm.
The endoplasm is moderately wounded.
The endoplasm hits you.
Casting: Freeze (safe; 2% risk of failure)
Confirm with . or Enter, or press ? or * to list all spells.
Aiming: Freeze (safe; 2% risk of failure)
Press: ? - help, Shift-Dir - straight line, f/p - endoplasm
Aim: an endoplasm (moderately wounded)
You freeze the endoplasm.
You kill the endoplasm!
You now have 7 gold pieces.
Found 18 gold pieces.
g - a scroll labelled NUHEWOLUTER You now have 25 gold pieces (gained 18).
You open the door.
There is an open door here.
You open the door.
Grinder comes into view.
Grinder shouts!
You hear an angry hiss.
Grinder blinks!
Grinder moves out of view.
No target in view!
Grinder hits you.
You writhe in agony.
There is an open door here.
Casting: Freeze (safe; 2% risk of failure)
Confirm with . or Enter, or press ? or * to list all spells.
You don't know that spell.
Casting: Freeze (safe; 2% risk of failure)
Confirm with . or Enter, or press ? or * to list all spells.
Aiming: Freeze (safe; 2% risk of failure)
Press: ? - help, Shift-Dir - straight line, f - Grinder
Aim: Grinder You freeze Grinder but do no damage.
Grinder completely resists.
A rat comes into view.
Grinder gestures at you.
You suddenly lose the ability to move!
Grinder hits you.
You writhe in agony.
Grinder hits you!
* * * LOW HITPOINT WARNING * * *
You writhe in agony.
You die...

#........# ##..##
####.##### ######### *
* #.# ....... #.#
....... #.###
###....... , #.#.##
##.#......♣ , , #....##
##..#....♣
######...####...#....♣
, ,
............'...@5..♣
######...####...#....♣,
* .......# ##..#....♣ ,
, #.#...#.# ##.#....r.♣
#.###.# ###....... * #.
#.# ** ....... , .. ..#
....... ## ### #######*


You could see Grinder and a rat.

Vanquished Creatures
  An endoplasm (D:3)
  A giant cockroach (D:1)
  A goblin (D:1)
  A hobgoblin (D:3)
  3 jackals (D:3)
  A ball python (D:3)
  A frilled lizard (D:3)
  A kobold (D:2)
  2 rats (D:3)
12 creatures vanquished.

Notes
Turn   | Place    | Note
-------+----------+-------------------------------------------
     0 | D:1      | hawla the Meteoran Ice Elementalist began the quest for the
                  | Orb.
     0 | D:1      | Reached XP level 1. HP: 14/14 MP: 5/5
     2 | D:1      | Noticed a felid
     2 | D:1      | Noticed a formicid
     4 | D:1      | Noticed a meteoran
     4 | D:1      | Noticed an elf
     6 | D:1      | Noticed a merfolk
     8 | D:1      | Noticed a vampire
     8 | D:1      | Noticed a draconian
    10 | D:1      | Noticed a spriggan
    10 | D:1      | Noticed a palentonga
    13 | D:1      | Noticed a vine stalker
    13 | D:1      | Noticed a naga
    15 | D:1      | Noticed a tengu
    17 | D:1      | Noticed a minotaur
    17 | D:1      | Noticed an octopode
    19 | D:1      | Noticed a gargoyle
    19 | D:1      | Noticed a human
    21 | D:1      | Noticed a demigod
    21 | D:1      | Noticed a troll
    23 | D:1      | Noticed an ogre
    25 | D:1      | Noticed a demonspawn
    25 | D:1      | Noticed a minotaur
    27 | D:1      | Noticed a meteoran
    27 | D:1      | Noticed a vine stalker
   176 | D:3      | Reached XP level 2. HP: 18/20 MP: 4/6
   192 | D:3      | Found a shadowy altar of Dithmenos.
   350 | D:3      | Noticed Grinder
   353 | D:3      | Paralysed by Grinder for 4 turns
   355 | D:3      | HP: 1/20 [Grinder (7)]
   355 | D:3      | Slain by Grinder

Illustrated notes

Levels and vault maps discovered:
D:1:      kb_arrival_jail, layout_basic, kennysheep_boxes
D:2:      layout_basic, chequers_ecumenical_altar_simple
D:3:      layout_loops_corners, lemuel_round_altar, serial_shops, shop,
          columned_hall_lemuel, minmay_misc_feat_chi,
          dreamdust_princess_corridor, serial_park_tiny_2,
          kennysheep_generic_room_2, uniq_natasha, uniq_grinder

Skill      XL: |  1  2 |
---------------+-------+-----
Spellcasting   | 3 |  3.0
Dodging        | |  2.4
Stealth        | |  1.4
Ice Magic      | |  4.8

Action                   || total
-------------------------++-------
Melee: Unarmed           ||     1
 Cast: Freeze            ||    15
Armor: Robe              ||     2
Dodge: Dodged            ||     4
